Map: Catalyst LE

Players

JonSnow - Winner!

  • Race: Zerg Zerg
  • League: Master
  • Spawn Location: 5:00

Semper

  • Race: Terran Terran
  • League: Master
  • Spawn Location: 11:00

VOD

Have the link to the VOD?

Description

Time

  • Played on: Feb. 2, 2018, 1:36 p.m.
  • Length: 14:54
Show
View Real Time Build Order
Export as new Build Order

JonSnow Zerg - Winner!

Build Orders: Hatch First 

Get SALT Encoding   

  12  0:00  Drone  
  13  0:13  Overlord  
  13  0:17  Drone  
  14  0:31  Drone x2  
  17  0:35  Drone  
  17  0:52  Hatchery  
  17  0:55  Drone  
  17  1:00  Drone  
  17  1:03  Extractor  
  17  1:14  Spawning Pool  
  17  1:17  Drone  
  17  1:20  Drone  
  18  1:29  Drone  
  19  1:39  Overlord  
  19  1:55  Drone  
  20  2:02  Queen, Metabolic Boost  
  20  2:05  Queen  
  20  2:06  Zergling x2  
  25  2:08  Zergling x2  
  25  2:13  Zergling x2  
  27  2:27  Extractor  
  26  2:31  Overlord  
  26  2:32  Drone x2  
  28  2:41  Queen  
  30  2:48  Zergling x8  
  34  2:59  Zergling x4  
  36  3:10  Zergling x4  
  37  3:17  Zergling x2  
  37  3:18  Zergling x10  
  44  3:27  Drone  
  44  3:32  Hatchery  
  43  3:39  Drone  
  40  4:00  Drone x6  
  44  4:04  Lair  
  44  4:08  Overlord  
  44  4:16  Overlord  
  44  4:22  Baneling Nest  
  43  4:25  Queen  
  41  4:35  Zergling x10  
  40  4:39  Drone x4  
  40  4:41  Drone  
  40  4:45  Drone  
  46  4:47  Drone  
  46  4:51  Spore Crawler  
  46  4:56  Queen  
  48  5:02  Overseer  
  48  5:04  Queen  
  50  5:09  Zergling x4  
  50  5:10  Zergling x2  
  50  5:11  Baneling  
  50  5:12  Baneling  
  53  5:15  Baneling  
  53  5:26  Drone x7  
  56  5:37  Zergling x6  
  57  5:45  Extractor  
  57  5:47  Zergling x2  
  57  5:48  Zergling x12  
  57  5:49  Drone  
  62  5:53  Extractor  
  62  5:55  Drone, Roach Warren  
  62  5:56  Overseer  
  61  5:59  Drone x2  
  63  6:04  Baneling x2  
  63  6:05  Evolution Chamber  
  62  6:13  Drone x4  
  66  6:22  Hydralisk Den  
  66  6:25  Evolution Chamber  
  66  6:26  Drone  
  66  6:27  Overlord  
  66  6:29  Overlord  
  66  6:31  Extractor  
  66  6:32  Drone x2  
  65  6:33  Drone  
  63  6:40  Drone x3  
  66  6:49  Zergling x12  
  66  6:51  Baneling x3  
  72  6:59  Drone x2  
  72  7:01  Drone  
  68  7:04  Drone x2  
  68  7:07  Drone x2  
  71  7:09  Extractor, Overlord  
  71  7:11  Overlord  
  69  7:18  Overlord  
  69  7:19  Grooved Spines  
  69  7:20  Drone x2  
  69  7:21  Drone  
  68  7:30  Drone x3  
  68  7:31  Drone x4  
  68  7:33  Zerg Melee Weapons Level 1  
  68  7:35  Drone  
  68  7:36  Drone  
  77  7:42  Centrifical Hooks  
  77  7:49  Drone x4  
  77  7:50  Drone  
  77  7:51  Hatchery  
  81  7:54  Drone x3  
  81  7:56  Baneling  
  84  8:02  Zerg Ground Armor Level 1  
  84  8:03  Overlord  
  84  8:04  Drone x2  
  86  8:10  Zergling x10  
  91  8:14  Baneling x3  
  91  8:16  Hydralisk  
  91  8:17  Hydralisk  
  95  8:22  Overlord  
  95  8:29  Hydralisk  
  95  8:30  Hydralisk x4  
  95  8:33  Muscular Augments  
  105  8:35  Baneling  
  105  8:38  Zergling x2  
  105  8:39  Zergling x6  
  109  8:44  Drone x4  
  113  8:48  Overlord  
  113  8:52  Hydralisk x2  
  117  8:57  Zergling x6  
  119  9:07  Zergling x8  
  115  9:17  Drone x6  
  115  9:21  Drone  
  122  9:25  Infestation Pit, Hydralisk x4  
  122  9:26  Zergling x2  
  122  9:27  Hatchery  
  126  9:32  Drone x5  
  129  9:45  Zergling x2  
  129  9:46  Zergling x10  
  129  9:50  Zerg Melee Weapons Level 2  
  135  9:55  Overlord x2  
  132  10:05  Zerg Ground Armor Level 2, Hive  
  132  10:06  Queen  
  133  10:08  Zergling x6  
  133  10:11  Overlord x3  
  133  10:12  Baneling  
  133  10:13  Baneling x7  
  134  10:26  Baneling x8  
  134  10:27  Zergling x20  
  143  10:35  Hydralisk x4  
  143  10:38  Baneling  
  143  10:42  Zergling x2  
  152  10:43  Zergling x4  
  152  10:47  Baneling x4, Zergling x2  
  152  10:48  Zergling x12  
  158  10:52  Zergling x10  
  156  10:59  Zergling x2  
  156  11:00  Zergling x6  
  143  11:04  Zergling x4  
  138  11:13  Drone  
  138  11:14  Drone x4  
  138  11:18  Zergling x4  
  140  11:22  Adrenal Glands  
  140  11:24  Ultralisk Cavern  
  139  11:25  Viper  
  139  11:26  Viper x2  
  139  11:28  Baneling x2  
  139  11:29  Baneling x2  
  148  11:34  Hatchery  
  148  11:35  Zergling x12  
  148  11:36  Zergling x2  
  154  11:43  Zergling x6  
  154  11:44  Zergling x8  
  161  11:47  Zergling x8  
  165  12:01  Overlord  
  164  12:15  Zergling x2  
  165  12:16  Chitinous Plating  
  165  12:18  Ultralisk x2  
  165  12:19  Zergling x8  
  180  12:23  Overlord  
  180  12:29  Baneling x2  
  180  12:35  Zergling x18  
  180  12:36  Overlord  
  180  12:37  Overlord x2  
  189  12:51  Ultralisk, Zergling x10  
  194  12:52  Zergling x2  
  194  13:04  Spire  
  193  13:10  Zergling x12  
  199  13:14  Extractor x2  
  199  13:16  Drone  
  199  13:17  Drone  
  199  13:19  Extractor  
  194  13:31  Ultralisk  
  194  13:32  Ultralisk  
  197  13:34  Overseer  
  197  13:36  Drone  
  197  13:37  Overseer  
  198  13:43  Drone x2  
  200  13:49  Baneling  
  200  13:50  Baneling x6  
  199  14:00  Zergling x8  
  199  14:04  Zergling x2  
  199  14:08  Baneling x3  
  192  14:23  Zergling x2  
  192  14:24  Zergling x48  
  190  14:27  Zergling x2  
  190  14:28  Zergling x6  
Show
View Real Time Build Order
Export as new Build Order

Semper Terran 

Build Orders: Reaper Expand, Hellion Banshee, MMM Bio 

Get SALT Encoding   

  12  0:00  SCV  
  13  0:13  SCV  
  14  0:17  Supply Depot  
  14  0:25  SCV  
  15  0:39  SCV  
  15  0:41  Barracks  
  16  0:45  Refinery  
  16  0:51  SCV  
  17  1:03  SCV  
  18  1:15  SCV  
  19  1:27  Orbital Command  
  19  1:28  Reaper  
  20  1:41  Command Center  
  20  1:52  Supply Depot  
  20  1:53  SCV  
  21  2:00  Marine  
  22  2:05  SCV  
  23  2:10  Factory  
  23  2:17  SCV  
  23  2:20  Refinery  
  24  2:23  Barracks Reactor  
  24  2:30  SCV  
  25  2:47  SCV  
  26  2:53  Orbital Command  
  26  2:55  Starport  
  26  2:59  SCV  
  26  3:11  SCV  
  31  3:12  Hellion  
  31  3:13  Hellion  
  31  3:19  Barracks Tech Lab  
  31  3:22  SCV  
  32  3:28  SCV  
  32  3:34  Hellion x2  
  37  3:36  SCV  
  37  3:40  Supply Depot, SCV  
  39  3:48  Orbital Command  
  36  3:55  Hellion x2  
  36  3:56  SCV  
  35  4:03  Cloaking Field, Banshee  
  35  4:08  SCV  
  35  4:09  Supply Depot  
  39  4:14  SCV  
  40  4:17  Hellion  
  40  4:22  Hellion  
  44  4:29  SCV  
  39  4:38  SCV  
  39  4:41  SCV  
  39  4:43  Hellion  
  39  4:44  Hellion  
  45  4:48  Banshee  
  45  4:51  SCV  
  49  4:53  SCV  
  49  4:57  Supply Depot  
  49  4:59  Barracks Tech Lab  
  50  5:06  Hellion  
  54  5:07  Hellion  
  54  5:18  SCV x2  
  56  5:22  Supply Depot  
  55  5:29  Marine  
  55  5:30  SCV x2  
  53  5:42  SCV  
  53  5:44  SCV  
  55  5:52  Command Center  
  55  5:54  Marine  
  55  5:55  SCV  
  55  5:56  SCV, Stimpack  
  58  6:02  Supply Depot  
  58  6:03  Factory Reactor  
  58  6:07  SCV  
  58  6:08  SCV  
  60  6:12  Supply Depot  
  60  6:19  SCV, Barracks  
  60  6:20  SCV  
  60  6:24  Marine, Barracks  
  63  6:26  Supply Depot  
  63  6:31  SCV  
  64  6:36  SCV  
  65  6:43  Marine  
  65  6:44  SCV  
  67  6:49  Starport Reactor, SCV, Engineering Bay x2  
  67  6:51  Refinery  
  67  6:52  Refinery  
  68  7:01  SCV, Marine  
  65  7:04  SCV  
  65  7:06  Orbital Command  
  65  7:07  Barracks  
  67  7:08  Barracks  
  67  7:10  Marine  
  67  7:11  Marine  
  67  7:14  SCV  
  70  7:16  SCV  
  70  7:17  Supply Depot  
  70  7:20  Marine x3  
  70  7:21  Siege Tank  
  74  7:26  SCV  
  74  7:29  Marine  
  74  7:30  Marine  
  74  7:31  SCV  
  74  7:34  Orbital Command  
  74  7:35  Terran Infantry Weapons Level 1  
  76  7:38  Marine x3, Terran Infantry Armor Level 1  
  76  7:39  SCV  
  80  7:45  Medivac x2  
  80  7:47  Marine  
  80  7:49  Marine  
  86  7:54  Siege Tank  
  86  7:55  SCV  
  86  7:56  Marine  
  86  7:57  Barracks Reactor x2, Marine  
  92  7:59  SCV x2  
  94  8:07  SCV  
  94  8:08  Supply Depot  
  94  8:09  Supply Depot, Marine x2  
  94  8:12  Marine  
  98  8:14  SCV x2, Marine  
  98  8:19  SCV  
  102  8:22  Medivac x2, Combat Shields  
  102  8:26  Supply Depot, Siege Tank  
  109  8:30  SCV  
  109  8:31  Marine x2  
  109  8:32  Supply Depot  
  109  8:33  Supply Depot  
  112  8:35  Marine  
  112  8:36  Marine x3  
  112  8:39  SCV  
  112  8:40  Marine x2  
  119  8:43  Marine  
  119  8:46  Armory  
  120  8:48  SCV x2  
  120  8:49  Marine  
  120  8:54  Refinery x2  
  123  8:56  Supply Depot  
  123  8:58  Medivac x2  
  123  8:59  Marine x2  
  128  9:07  Marine  
  124  9:18  Siege Tank  
  124  9:20  Marine  
  124  9:21  Marine x5  
  124  9:22  Marine x2  
  124  9:23  SCV x2  
  137  9:26  Factory, Marine  
  136  9:31  Medivac  
  136  9:34  Terran Infantry Armor Level 2, Terran Infantry Weapons Level 2  
  136  9:37  Marine, Terran Vehicle Weapons Level 1  
  136  9:38  Supply Depot, Marine  
  135  9:39  Supply Depot, SCV, Marine  
  135  9:45  Marine x3  
  138  9:46  SCV  
  138  9:50  Marine x2  
  144  9:54  Marine  
  144  9:57  Supply Depot x2  
  135  10:01  Siege Tank  
  135  10:03  Marine  
  136  10:10  Marine x5  
  136  10:11  Medivac x2  
  145  10:17  Marine x2  
  144  10:22  SCV x2, Marine  
  147  10:29  Marine, Factory Tech Lab, Command Center  
  147  10:30  Marine  
  147  10:31  Supply Depot, Marine  
  147  10:32  Marine  
  147  10:34  Siege Tank  
  147  10:35  Unknown x2  
  154  10:41  Marine  
  137  10:51  SCV x2, Marine x2  
  137  10:53  SCV  
  136  11:01  Marine  
  136  11:03  SCV  
  117  11:04  Siege Tank  
  117  11:06  Unknown, Siege Tank  
  117  11:08  Marine  
  117  11:09  Marine x7  
  120  11:17  SCV  
  113  11:19  Marine  
  113  11:20  SCV  
  113  11:21  SCV  
  116  11:26  Marine  
  116  11:27  Marine x3  
  120  11:36  Siege Tank, Marine x2  
  120  11:37  Marine  
  120  11:38  Marine  
  127  11:40  Marine  
  127  11:45  SCV x2  
  127  11:46  SCV  
  131  11:55  Marine  
  131  11:58  Siege Tank, Marine x5  
  131  11:59  Marine x2  
  132  12:02  Planetary Fortress  
  132  12:04  SCV  
  132  12:05  SCV  
  132  12:07  Marine  
  134  12:11  Unknown  
  134  12:13  Marine  
  135  12:16  Marine x3  
  135  12:18  Siege Tank  
  141  12:25  Marauder  
  141  12:27  Marine  
  145  12:30  SCV x3  
  147  12:40  SCV  
  147  12:42  SCV x2  
  147  12:44  Marine  
  150  12:45  Siege Tank  
  150  12:46  Marauder  
  156  12:54  Marine  
  156  12:57  SCV  
  154  12:59  Marine  
  154  13:00  Marine x5  
  154  13:02  Marine  
  154  13:04  SCV x2  
  154  13:05  SCV  
  163  13:08  Marauder  
  165  13:14  Marine  
  166  13:20  Barracks x2  
  166  13:23  Barracks  
  156  13:27  Marine x2  
  156  13:29  Marauder  
  156  13:30  Liberator  
  156  13:31  Marine x4  
  156  13:33  Marine  
  156  13:34  Marine, Liberator  
  155  13:39  Siege Tank  
  155  13:40  SCV  
  160  13:41  Ghost Academy  
  160  13:42  SCV x2  
  160  13:45  Marine x2  
  167  13:49  Marine  
  171  14:04  Marine, Marauder  
  171  14:09  Barracks Tech Lab x2  
  174  14:10  Marine  
  174  14:13  Barracks Tech Lab  
  153  14:25  Marauder  
  153  14:27  Marine  
  153  14:28  Marauder  
  130  14:35  Marine x2  
Tags
 
Add a new tag
Caveats
  • Supply blocks, unpowered buildings, or Contaminate may cause inaccurate times.
  • Supply counts are checked every 10 seconds.